 Dungeon Crawl Stone Soup version 0.21.1-1-g345015fe64 (webtiles) character file.

4 Kohma the Grave Robber (level 1, 0/15 HPs)
             Began as a Ghoul Necromancer on June 23, 2018.
             Slain by a ball python (1 damage)
             ... on level 1 of the Dungeon.
             The game lasted 00:01:36 (171 turns).

Kohma the Grave Robber (Ghoul Necromancer)           Turns: 171, Time: 00:01:36

Health: 0/15       AC:  2    Str: 11    XL:     1   Next: 70%
Magic:  1/2        EV:  9    Int: 10    God:
Gold:   18         SH:  0    Dex:  9    Spells: 2/3 levels left

rFire    . . .     SeeInvis .   (no weapon)
rCold    + . .     Gourm    .   (no shield)
rNeg     + + +     Faith    .   a - +0 robe
rPois    ∞         Spirit   .   (no helmet)
rElec    .         Reflect  .   (no cloak)
rCorr    .         Harm     .   (no gloves)
MR       .....                  (no boots)
Stlth    ++........             (no amulet)
HPRegen  0.00/turn              (no ring)
MPRegen  0.08/turn              (no ring)

@: rotting, constricted
A: rotting body, claws 1, carnivore, cold resistance 1, negative energy
resistance 3, inhibited regeneration, torment resistance, unbreathing
a: no special abilities


You were on level 1 of the Dungeon.
You were not hungry.

You visited 1 branch of the dungeon, and saw 1 of its levels.

You collected 18 gold pieces.

Inventory:

Armour
 a - a +0 robe (worn)
Scrolls
 d - a scroll of enchant armour {unknown}
Books
 b - a book of Necromancy

   Spells                             Type                      Level
   a - Pain                           Necromancy                   1
   b - Animate Skeleton               Necromancy                   1
   c - Vampiric Draining              Necromancy                   3
   d - Regeneration                   Charms/Necromancy            3
   e - Animate Dead                   Necromancy                   4
   f - Borgnjor's Vile Clutch         Necromancy/Earth             5
Comestibles
 c - a ration


   Skills:
 + Level 0.4 Fighting
 - Level 1.7 Dodging
 - Level 2.1 Stealth
 + Level 1.8 Spellcasting
 * Level 4.1 Necromancy


You had 2 spell levels left.
You knew the following spells:

 Your Spells              Type           Power        Failure   Level  Hunger
a - Pain                  Necr           #...         6%          1    ##.....


Dungeon Overview and Level Annotations

Branches:
Dungeon (1/15)

Altars:


Innate Abilities, Weirdness & Mutations

Your body is rotting away.
You thrive on raw meat.
You are immune to poison.
You have sharp fingernails.
You are carnivorous and can eat meat at any time.
Your flesh is cold resistant. (rC+)
You are immune to negative energy. (rN+++)
You do not regenerate when monsters are visible.
You are immune to unholy pain and torment.
You can survive without breathing.


Message History

The ball python constricts you.
You closely miss the ball python.
The ball python bites you but does no damage.
The ball python constricts you.
You closely miss the ball python. The ball python bites you.
The ball python constricts you.
You closely miss the ball python. The ball python barely misses you.
The ball python constricts you. The kobold hits you with a short sword.
* * * LOW HITPOINT WARNING * * *
You barely miss the ball python. The ball python barely misses you.
* * * LOW HITPOINT WARNING * * *
The ball python constricts you. The kobold hits you but does no damage.
Casting: Pain
Confirm with . or Enter, or press ? or * to list all spells.
Aiming: Pain
Press: ? - help, Shift-Dir - straight line, f - ball python
Aim: a ball python (constricting you, chance to defeat MR: 76%)
The ball python writhes in agony!
The ball python closely misses you. The ball python constricts you.
The ball python bites you.
You die...

##.......####.....#
#........#........#
..................#
.........##########
........## #######
........## ##......#
......#..#### ##........
...........(###.........
............@S#(.[......
...........##K.(........
#..........####......K..
#....#..#### #.........
..####..# ##..[..... ##
##.. #........ ..
......... .........
.........


You could see a ball python and a kobold.

Vanquished Creatures
  A leopard gecko (D:1)
  A giant cockroach (D:1)
  A goblin (D:1)
3 creatures vanquished.

Notes
Turn   | Place    | Note
-------+----------+-------------------------------------------
     0 | D:1      | Kohma the Ghoul Necromancer began the quest for the Orb.
     0 | D:1      | Reached XP level 1. HP: 14/14 MP: 2/2
   171 | D:1      | Slain by a ball python

Action                   || total
-------------------------++-------
Melee: Unarmed           ||    15
 Cast: Pain              ||     3
  Eat: Ration            ||     1
       Chunk             ||     1
Armor: Robe              ||     4
Dodge: Dodged            ||    13
